 Dungeon Crawl Stone Soup version 0.21.1-1-g345015f (webtiles) character file.

549 infcreate the Chopper (level 7, -1/61 HPs)
             Began as a Minotaur Fighter on May 14, 2018.
             Killed by nerve-wracking pain
             ... invoked by a shadow imp
              (3 damage)
             ... on level 4 of the Dungeon.
             The game lasted 00:15:13 (3458 turns).

infcreate the Chopper (Minotaur Fighter)            Turns: 3458, Time: 00:15:14

Health: -1/61      AC:  9    Str: 22    XL:     7   Next: 7%
Magic:  6/6        EV:  9    Int:  8    God:
Gold:   280        SH: 10    Dex: 10    Spells: 6/6 levels left

rFire    + . .     SeeInvis .   a - +0 war axe
rCold    + . .     Gourm    .   c - +0 shield
rNeg     . . .     Faith    .   b - +0 scale mail
rPois    +         Spirit   .   (helmet restricted)
rElec    +         Reflect  .   (no cloak)
rCorr    +         Harm     .   l - +1 pair of gloves
MR       .....                  (no boots)
Stlth    ..........             (no amulet)
HPRegen  0.20/turn              q - +2 ring of evasion
MPRegen  0.10/turn              t - +3 ring of intelligence

@: resistant
A: retaliatory headbutt, horns 2
a: no special abilities


You were on level 4 of the Dungeon.
You were not hungry.

You visited 1 branch of the dungeon, and saw 4 of its levels.

You collected 280 gold pieces.

Inventory:

Hand Weapons
 a - a +0 war axe (weapon)
Armour
 b - a +0 scale mail (worn)
 c - a +0 shield (worn)
 l - a +1 pair of gloves (worn)
Jewellery
 q - a +2 ring of evasion (left hand)
 t - a +3 ring of intelligence (right hand)
Scrolls
 i - a scroll of enchant armour
 j - a scroll of fog
 m - a scroll of identify
 o - a scroll of amnesia
 p - 2 scrolls of blinking {unknown}
 r - 3 scrolls of remove curse
 u - a scroll of teleportation {unknown}
Potions
 d - a potion of might
 e - 4 potions of curing {unknown}
 h - 2 potions of haste
 k - 2 potions of degeneration {unknown}
Books
 n - a book of Maledictions

   Spells                             Type                      Level
   a - Corona                         Hexes                        1
   b - Ensorcelled Hibernation        Hexes/Ice                    2
   c - Confuse                        Hexes                        3
   d - Tukima's Dance                 Hexes                        3
   e - Dazzling Spray                 Conjuration/Hexes            3
Comestibles
 f - 9 rations


   Skills:
 + Level 5.0 Fighting
 + Level 6.5 Axes
 + Level 5.7 Armour
 + Level 5.0 Shields


You had 6 spell levels left.
You didn't know any spells.

Dungeon Overview and Level Annotations

Branches:
Dungeon (4/15)
 Temple: D:4-7

Altars:
Yredelemnul

Annotations:
D:4 1 transporter


Innate Abilities, Weirdness & Mutations

You reflexively headbutt those who attack you in melee.
You have a pair of horns on your head.


Message History

The orc priest mumbles some strange prayers to Beogh against you.
Beogh smites you!
The orc priest begins to cast a cantrip, but forgets the words!
You enter the shallow water.
Moving in this stuff is going to be slow.
The orc priest invokes the aid of Beogh against you.
Beogh smites you!
The orc priest calls down the wrath of Beogh upon you.
Beogh smites you!
You feel protected.
The orc priest calls down the wrath of Beogh upon you.
Beogh smites you!
* * * LOW HITPOINT WARNING * * *
The orc priest mumbles some strange prayers to Beogh against you.
Beogh smites you!
* * * LOW HITPOINT WARNING * * *
You open the door. The shadow imp gestures at you.
Pain shoots through your body!
You die...

......##'#.............##.##'##
.....###.#.##....#####.##.##.#
...........##.....####.##.##.####
#........#......©...............#
............#########..##.#..####
..###.......#8P$©$P8#..## #..#
#.###.#.....#≈..!..≈#..# #..#
......#.##..####'####..# #.##
......#.##..#5≈.@.≈.#..####.###
.####.#.....#.≈...≈5#..##.....#
.# #.####..#.≈≈≈≈≈o#..##.#.#.# ##
#.# #..#o≈≈♣≈≈.#..##(..#.### #
#.# #..#.≈PP≈≈.#...........# #
#.# #..#.≈...≈.#...........# #
#.# #..#.≈...≈.#...........#
###.####..####'####...........#
#.....##..#P../..P#...........#


You could see 2 orc priests and 2 shadow imps.

Vanquished Creatures
  The ghost of bmj180 the Cutter, an amateur KoBe of Trog (D:3)
  An ogre (D:4)
  2 hounds (D:4)
  A bullfrog skeleton (D:4)
  An iguana (D:4)
  3 worker ants (D:4)
  3 adders (D:2)
  A shadow imp (D:3)
  An ooze (D:3)
  A dart slug (D:2)
  3 leopard geckos
  An orc (D:4)
  A ball python (D:4)
  5 giant cockroaches
  2 goblins (D:1)
  11 hobgoblins
  6 jackals
  2 quokkas
  5 bats
  2 frilled lizards (D:1)
  A jackal skeleton (D:4)
  2 kobolds (D:3)
  7 rats
  A fungus (D:1)
64 creatures vanquished.

Notes
Turn   | Place    | Note
-------+----------+-------------------------------------------
     0 | D:1      | infcreate the Minotaur Fighter began the quest for the Orb.
     0 | D:1      | Reached XP level 1. HP: 19/19 MP: 0/0
   450 | D:1      | Reached XP level 2. HP: 27/27 MP: 1/1
  1092 | D:2      | Reached skill level 3 in Axes
  1113 | D:2      | Found a basalt altar of Yredelemnul.
  1191 | D:2      | Reached XP level 3. HP: 33/33 MP: 2/2
  2070 | D:3      | Noticed bmj180's ghost (amateur KoBe)
  2087 | D:3      | Killed bmj180's ghost
  2087 | D:3      | Reached skill level 5 in Axes
  2087 | D:3      | Reached skill level 5 in Armour
  2087 | D:3      | Reached XP level 4. HP: 24/41 MP: 3/3
  2087 | D:3      | Reached XP level 5. HP: 28/47 MP: 4/4
  2845 | D:4      | Reached XP level 6. HP: 33/53 MP: 5/5
  3018 | D:4      | Reached skill level 6 in Axes
  3092 | D:4      | Found a transporter.
  3111 | D:4      | Found a transporter.
  3137 | D:4      | Reached skill level 5 in Shields
  3137 | D:4      | Reached XP level 7. HP: 53/60 MP: 6/6
  3309 | D:4      | Reached skill level 5 in Fighting
  3455 | D:4      | HP: 2/61 [orc priest/divine providence (11)]
  3458 | D:4      | Killed from afar by a shadow imp

Skill      XL: |  1  2  3  4  5  6  7 |
---------------+----------------------+-----
Armour         | 4 5 |  5.7
Shields        | 4 5 |  5.0
Axes           | 3 5 6 |  6.5
Fighting       | 4 5 |  5.0

Action                   |  1- 3 |  4- 6 |  7- 9 || total
-------------------------+-------+-------+-------++-------
Melee: War axe           |   109 |    65 |    10 ||   184
       Headbutt          |    11 |     9 |     1 ||    21
  Use: Scroll            |       |     4 |     3 ||     7
       Potion            |       |       |     1 ||     1
  Eat: Chunk             |     3 |     1 |     1 ||     5
       Ration            |       |     1 |       ||     1
Armor: Scale mail        |    54 |    35 |     2 ||    91
Dodge: Dodged            |    34 |    18 |     3 ||    55
Block: Shield            |    43 |    37 |     6 ||    86
